 Dungeon Crawl Stone Soup version bcrawl-1.35.5c (webtiles) character file.

Game seed: 1240558823663803063

13517117 zoran the Hoplite (level 27, 122/201 HPs)
             Began as a Human Fighter on Mar 12, 2022.
             Was an Elder of Jiyva.
             Escaped with the Orb
             ... and 3 runes on Mar 13, 2022!
             The game lasted 04:01:37 (72513 turns).

zoran the Hoplite (Human Fighter)                  Turns: 72513, Time: 04:01:37

Health: 122/201    AC: 53    Str: 34      XL:     27
Magic:  33/33      EV: 10    Int:  8      God:    Jiyva [****..]
Gold:   617        SH: 34    Dex:  6 (7)  Spells: 26/26 levels left

rFire    + . .     SeeInvis +   a - +9 double sword (vamp)
rCold    + . .     Gourm    .   S - +4 large shield
rNeg     + + .     Faith    .   n - +11 chain mail of Divine Intervention {Str+3}
rPois    +         Spirit   .   (helmet restricted)
rElec    +         Reflect  .   R - scarf {clouds}
rCorr    +                      V - +2 pair of gloves
MR       ++...                  K - +2 pair of boots
Stlth    ..........             X - amulet "Cynoipif" {RegenMP rN++ Dex-3}
HPRegen  0.43/turn              q - ring of see invisible
MPRegen  0.48/turn              Z - ring of protection from fire

@: no status effects
A: claws 1, horns 1, repulsion field 1, blurry vision 1, clumsy 1, cold
resistance 1, deterioration 1, frail 1, low mp 1, poison resistance, screaming
1, electricity resistance, eyeballs 1, translucent skin 2, jelly sensing items,
jelly absorbing missiles, no potion heal 1, subdued magic 1, MP-powered wands
0: Orb of Zot
}: 3/15 runes: decaying, serpentine, slimy
a: Request Jelly, Evolve, Slimify, Renounce Religion, Evoke Fog


You escaped.
You worshipped Jiyva.
Jiyva was greatly pleased with you.
You were not hungry.

You visited 11 branches of the dungeon, and saw 46 of its levels.
You visited the Abyss 1 time.
You visited 1 ziggurat, and saw 4 of its levels.

You collected 5772 gold pieces.
You spent 5155 gold pieces at shops.

Inventory:

Hand Weapons
 a - a +9 vampiric double sword (weapon)
 i - a +5 demon blade of slicing
Missiles
 o - 44 javelins (quivered)
 H - 8 throwing nets {=f}
Armour
 g - +0 fire dragon scales
 k - +0 gold dragon scales
 n - the +11 chain mail of Divine Intervention (worn) {Str+3}
   (You found it on level 2 of the Crypt)

   It affects your strength (+3).
 K - a +2 pair of boots (worn)
 R - a scarf of clouds (worn)
 S - a +4 large shield (worn)
 V - a +2 pair of gloves (worn)
Jewellery
 q - a ring of see invisible (left hand)
 s - an uncursed amulet of the acrobat
 t - an uncursed ring of protection from cold
 X - the amulet "Cynoipif" (around neck) {RegenMP rN++ Dex-3}
   (You found it on level 6 of the Lair of Beasts)

   [amulet of magic regeneration]

   It increases your magic regeneration.
   It affects your dexterity (-3).
   It greatly protects you from negative energy.
 Z - a ring of protection from fire (right hand)
Wands
 h - a wand of clouds (5)
 u - a wand of digging (22)
 D - a wand of disintegration (39) {pickup}
 J - a wand of polymorph (55)
 M - a wand of random effects (8)
 Q - a wand of iceblast (11)
Scrolls
 m - 23 scrolls of remove curse
 w - 4 scrolls of fear
 B - 7 scrolls of immolation
 F - 5 scrolls of fog
 L - a scroll of silence
 O - 3 scrolls of vulnerability
 P - 11 scrolls of teleportation
 Y - a scroll of torment
Potions
 b - 6 potions of curing
 c - 2 potions of lignification
 d - a potion of ambrosia
 f - 9 potions of brilliance
 l - a potion of heal wounds
 r - a potion of cancellation
 N - 6 potions of flight
 W - 7 potions of mutation
Miscellaneous
 j - a box of beasts
 v - a sack of spiders
 x - a lamp of fire
 G - a lightning rod (4/4)
 I - a fan of gales (2/2)
 T - a phial of floods {pickup}
Comestibles
 e - 19 rations {!d}


   Skills:
 - Level 20.0 Fighting
 - Level 20.0 Long Blades
   Level 12.0(14.7) Slings
 - Level 14.4(16.0) Throwing
 - Level 20.0 Armour
 - Level 10.0 Dodging
 - Level 5.0 Stealth
 + Level 26.9 Shields
 - Level 5.0 Invocations
 - Level 20.0 Evocations


You had 26 spell levels left.
You didn't know any spells.
Your spell library contained the following spells:

 Spells                   Type           Power        Failure   Level  Hunger
 Animate Skeleton         Necr           N/A          100%        1    None
 Apportation              Tloc           #.....       100%        1    None
 Beastly Appendage        Tmut           #.....       100%        1    None
 Corona                   Hex            #......      100%        1    None
 Flame Tongue             Conj/Fire      #....        100%        1    None
 Infusion                 Chrm           #.......     100%        1    None
 Magic Dart               Conj           #...         100%        1    None
 Sandblast                Erth           #.....       100%        1    None
 Shock                    Conj/Air       #....        100%        1    None
 Sting                    Conj/Pois      #...         100%        1    None
 Summon Butterflies       Summ           #.......     100%        1    None
 Summon Small Mammal      Summ           #...         100%        1    None
 Blink                    Tloc           N/A          100%        2    ####...
 Call Imp                 Summ           #.....       100%        2    ####...
 Ensorcelled Hibernation  Hex/Ice        #.....       100%        2    ####...
 Flaming Arrows           Chrm/Fire      #.......     100%        2    ####...
 Passwall                 Tmut/Erth      #.......     100%        2    ####...
 Song of Slaying          Chrm           #.......     100%        2    ####...
 Sticks to Snakes         Tmut           #.......     100%        2    ####...
 Sublimation of Blood     Necr           #.........   100%        2    ####...
 Swiftness                Chrm/Air       #.......     100%        2    ####...
 Beckoning                Tloc           #.........   100%        3    #####..
 Call Canine Familiar     Summ           #.......     100%        3    #####..
 Confuse                  Hex            #.......     100%        3    #####..
 Conjure Flame            Conj/Fire      #.......     100%        3    #####..
 Dazzling Orbs            Conj/Hex       #......      100%        3    #####..
 Inner Flame              Hex/Fire       N/A          100%        3    #####..
 Mephitic Cloud           Conj/Pois/Air  #.......     100%        3    #####..
 Ozocubu's Armour         Chrm/Ice       #.......     100%        3    #####..
 Recall                   Summ/Tloc      N/A          100%        3    #####..
 Regeneration             Chrm/Necr      #.........   100%        3    #####..
 Spectral Weapon          Hex/Chrm       #.......     100%        3    #####..
 Spider Form              Tmut/Pois      #..          100%        3    #####..
 Static Discharge         Air            #.......     100%        3    #####..
 Stone Arrow              Conj/Erth      #.....       100%        3    #####..
 Tukima's Dance           Hex            #.......     100%        3    #####..
 Vampiric Draining        Necr           #.........   100%        3    #####..
 Airstrike                Air            #.........   100%        4    ######.
 Animate Dead             Necr           N/A          100%        4    ######.
 Cause Fear               Hex            #.........   100%        4    ######.
 Fulminant Prism          Conj/Hex       #.........   100%        4    ######.
 Ice Form                 Ice/Tmut       #.......     100%        4    ######.
 Petrify                  Tmut/Erth      #.........   100%        4    ######.
 Sticky Flame             Conj/Fire      #.......     100%        4    ######.
 Summon Ice Beast         Ice/Summ       #.......     100%        4    ######.
 Blade Hands              Tmut           #.........   100%        5    #######
 Bolt of Magma            Conj/Fire/Erth #.........   100%        5    #######
 Fireball                 Conj/Fire      #.........   100%        5    #######
 Lee's Rapid Deconstruct  Erth           #.........   100%        5    #######
 Lightning Bolt           Conj/Air       #.........   100%        5    #######
 Metabolic Englaciation   Hex/Ice        #.........   100%        5    #######
 Summon Demon             Summ           #.........   100%        5    #######
 Summon Forest            Summ/Tloc      #.........   100%        5    #######
 Summon Lightning Spire   Summ/Air       #.......     100%        5    #######
 Summon Mana Viper        Hex/Summ       #.......     100%        5    #######
 Aura of Abjuration       Summ           #.........   100%        6    #######
 Bolt of Cold             Conj/Ice       #.........   100%        6    #######
 Death Channel            Chrm/Necr      #.........   100%        6    #######
 Freezing Cloud           Ice/Air        #.........   100%        6    #######
 Infestation              Hex/Tmut/Pois  #........    100%        6    #######
 Invisibility             Hex            #.......     100%        6    #######
 Iron Shot                Conj/Erth      #.........   100%        6    #######
 Ozocubu's Refrigeration  Ice            #.........   100%        6    #######
 Simulacrum               Ice/Necr       #.........   100%        6    #######
 Statue Form              Tmut/Erth      #........    100%        6    #######
 Haunt                    Necr/Summ      #.........   100%        7    #######
 Icicle Burst             Conj/Ice       #.........   100%        7    #######
 Shadow Creatures         Summ           N/A          100%        7    #######
 Spellforged Servitor     Conj/Summ      #.........   100%        7    #######
 Borgnjor's Revivificati  Necr           #.........   100%        8    #######
 Necromutation            Tmut/Necr      #.......     100%        8    #######
 Shatter                  Erth           #.........   100%        9    #######


Dungeon Overview and Level Annotations

Branches:
Dungeon (12/12)            Temple (0/1) D:4            Lair (6/6) D:9
  Swamp (3/3) Lair:3        Snake (3/3) Lair:3        Slime (5/5) Lair:6
    Orc (1/1) D:9             Elf (2/3) Orc          Vaults (2/3) D:11
  Crypt (2/2) Vaults:1       Tomb (0/3) Crypt:2      Depths (5/5) D:12
    Zot (5/5) Depths:5

Altars:
Cheibriados
Fedhas
Kikubaaqudgha
Nemelex Xobeh
Okawaru
Uskayaw
Vehumet
Yredelemnul
The Shining One
Beogh
Jiyva

Shops:
D:5 *   D:10 =   Orc ?((}%   Snake:3 *:!   Vaults:1 (   Vaults:2 [   Zot:4 *
Depths:4 %

Portals:
Hell: Depths:1 Depths:2 Depths:3 Depths:4 Depths:5
Abyss: Depths:3 Depths:4
Pandemonium: Depths:3

Annotations:
D:6 2 transporters, yrara's ghost, novice DsFi
D:10 2 transporters, yrara's ghost, journeyman DsFi
Slime:5 Royal Jelly
Elf:2 Zenata


Innate Abilities, Weirdness & Mutations

You have sharp fingernails.
You have a pair of small horns on your head.
You are surrounded by a mild repulsion field. (EV +2)
Scrolls take you a little longer to read.
You are clumsy. (Dex -2)
Your flesh is cold resistant. (rC+)
Your body sometimes deteriorates upon taking damage.
You are frail. (-10% HP)
Your magical capacity is low. (-10% MP)
Your system is resistant to poisons. (rPois)
You occasionally shout uncontrollably at your foes.
You are resistant to electric shocks. (rElec)
Your body has grown golden eyes which may confuse attackers. (Acc +3)
Your translucent skin reduces your foes' accuracy. (Stealth)
You have a small jelly attached to you that senses nearby items.
You have a small jelly attached to you that may absorb incoming projectiles.
Potions are less effective at restoring your health.
Your spells are a little easier to cast, but a little less powerful.
You expend magic power (3 MP) to strengthen your wands.


Message History

Press: ? - help, Shift-Dir - straight line This square is covered in magical glow.
You feel a surge of power!
The rock shatters into small pieces.
There is a staircase leading out of the dungeon here.
Wear which item? (? for menu, Esc to quit)
Magic restored.
You start removing your armour.
You continue taking off your +0 gold dragon scales. x4
You finish taking off your +0 gold dragon scales.
You start putting on your armour.
You continue putting on the +11 chain mail of Divine Intervention {Str+3}. x5
You finish putting on the +11 chain mail of Divine Intervention {Str+3}.
You feel stronger.
Drop what? 45/52 slots (_ for help) (? for menu, Esc to quit)
Okay, then.
Drop what? 45/52 slots (_ for help) (? for menu, Esc to quit)
Okay, then.
There is a staircase leading out of the dungeon here.
The power of the Orb breaks the dimensional shunt like a soap bubble!
You have escaped!

........#..#..# #####.#.#
.######.#..#..# #...#.#.# .#
#.#..#..# #'#...#.##### .#
#.#..#..# ##.###.#...... .#
#.#..#..#### #(..##.#######
.######.#..#...#.###...##........
.#....#.#..#..#...#((.((#########
......#.#..#..#...#((((.# #..
.#.####.#.....#.@.'.(8((# #.#
.........#....#..(.((.(.# #.#
.........#....#...#..(((# #.#
...####.##....##.###.(.## #.#
....#.#........### #.((########.#
.#...........#.# ##.##...).....
.#........#.##.######+##.........
.#..........##.........#.........
.########.############.#.........


There were no monsters in sight!

Vanquished Creatures
  6 juggernauts
  3 orbs of fire (Zot:5)
  Mennas (Crypt:1)
  An ancient lich (Zot:5)
  7 Killer Klowns
  12 golden dragons
  Saint Roka (Orc)
  Vashnia (Snake:2)
  5 curse toes
  Jory (Depths:5)
  3 rockslimes
  3 bone dragons
  A profane servitor (Crypt:2)
  4 Orb Demons
  5 electric golems
  Frances (Swamp:2)
  26 Orb Guardians
  Jorgrun (Snake:1)
  2 liches
  12 tentacled monstrosities
  6 quicksilver dragons
  A tentacled starspawn (Abyss:1)
  14 death cobs
  The ghost of pheathergobbo575 the Peltast, an adept GrFi of Gozag (Snake:2)
  7 nagarajas
  9 storm dragons
  6 ancient champions (Crypt:2)
  3 shadow dragons
  4 draconian monks
  4 tengu reavers
  5 frost giants
  2 revenants
  4 draconian knights
  8 fire giants
  2 iron dragons
  A deep elf sorcerer (Depths:4)
  2 vault wardens (Vaults:2)
  An orc warlord (Vaults:2)
  Aizul (Elf:2)
  A balrug (Depths:1)
  2 draconian stormcallers
  2 curse skulls
  A ghost moth (Zot:2)
  2 draconian shifters
  A draconian annihilator (Zot:2)
  A deep elf elementalist (Elf:2)
  10 very ugly things
  4 ironheart preservers
  3 draconian scorchers
  18 stone giants
  A war gargoyle (Vaults:2)
  A reaper (Depths:3)
  2 spriggan defenders (Depths:5)
  A green draconian (Zot:1)
  11 black draconians
  5 vampire knights
  A dire elephant (Zot:1)
  7 purple draconians
  2 spark wasps (Depths:2)
  7 red draconians
  4 deep elf death magi
  10 white draconians
  9 yellow draconians
  2 eidola
  2 mummy priests (Crypt:2)
  A blizzard demon (Abyss:1)
  Josephine (Lair:6)
  2 pearl dragon zombies (Crypt:2)
  6 ettins
  15 jiangshi
  A deep elf high priest (Elf:1)
  7 fire dragons
  A merfolk impaler (Depths:2)
  Fannar (Lair:1)
  9 vault guards
  8 yaktaur captains
  5 rakshasas
  Erolcha (Orc)
  11 ice dragons
  A hell beast (Zot:1)
  18 naga warriors
  4 shadow wraiths
  A shambling mangrove (Swamp:1)
  A spriggan air mage (Depths:5)
  10 centaur warriors
  4 ogre magi
  11 hydras
  10 alligators
  3 catoblepae (Lair:6)
  Erica (D:8)
  17 anacondas
  A merfolk avatar (Zig:2)
  7 dancing weapons
  12 two-headed ogres
  3 death knights
  2 ghost crabs (Swamp:2)
  A tengu warrior (Depths:1)
  3 death yaks (Lair:6)
  4 deep troll earth magi
  3 hell hogs (Crypt:2)
  7 vampire magi
  3 deep troll shamans
  12 naga sharpshooters
  3 shock serpents (Snake:3)
  2 soul eaters
  4 spriggan berserkers
  A thrashing horror (Abyss:1)
  8 deep elf knights
  Nergalle (D:10)
  4 sun demons (Depths:3)
  3 wretched stars
  A goliath frog (Swamp:3)
  A sixfirhy (Abyss:1)
  12 deep trolls
  9 skeletal warriors
  3 iron trolls
  7 salamander mystics
  7 hell knights
  A spriggan druid (Swamp:2)
  2 anaconda zombies (Crypt:1)
  A shadow demon (Depths:3)
  3 unseen horrors (Depths:3)
  6 wizards
  8 naga ritualists
  2 orc knights
  3 swamp dragons (Swamp:3)
  Pikel (D:6)
  2 flayed ghosts
  An orange crystal statue (Zig:4)
  3 necromancers
  2 obsidian statues
  4 phantasmal warriors
  7 ironheart convokers
  4 lindwurms (Snake:3)
  6 deep elf archers
  20 mana vipers
  29 deep elf magi
  10 orc sorcerers
  20 moths of wrath
  An orb spider (shapeshifter) (D:11)
  17 salamanders
  3 cyclopes
  7 ugly things
  2 oklob plants (Lair:6)
  A stone giant zombie (Vaults:1)
  A shadow dragon zombie (Crypt:2)
  3 manticores
  2 frost giant zombies
  A worldbinder (Abyss:1)
  2 centaur zombies
  A shock serpent zombie (Crypt:1)
  A fire giant skeleton (Vaults:2)
  2 vault sentinels (Vaults:2)
  3 will-o'-wisps (Swamp:2)
  4 apis skeletons (Crypt:2)
  10 guardian serpents
  2 molten gargoyles (Lair:5)
  44 black mambas
  Joseph (D:7)
  5 ice statues
  A water nymph (Zig:2)
  2 gargoyles
  A storm dragon simulacrum (Crypt:2)
  8 cane toads
  A yellow draconian zombie (Crypt:1)
  22 naga magi
  4 smoke demons
  An orange demon (Depths:3)
  An iron troll zombie (Crypt:2)
  2 rime drakes
  A sea snake skeleton (Crypt:1)
  A hellion (Depths:3)
  12 large abominations
  A yaktaur skeleton (Zig:3)
  A kobold demonologist (D:11)
  A flying skull (Zig:1)
  An ice devil (Depths:3)
  An alligator snapping turtle skeleton (Crypt:1)
  9 freezing wraiths
  39 yaktaurs
  A hellwing (Depths:3)
  9 merfolk (Zig:2)
  A demonic crawler (Abyss:1)
  5 komodo dragons
  An ancient zyme (Abyss:1)
  A harpy zombie (Crypt:1)
  5 tengu conjurers
  5 guardian mummies (Crypt:2)
  5 trolls
  A wandering mushroom (Lair:6)
  2 polar bears
  7 tyrant leeches
  2 bog bodies
  9 hornets
  A harpy skeleton (D:11)
  2 raiju
  9 dream sheep
  10 blink frogs
  2 ice dragon skeletons
  A slime creature (Depths:5)
  A frost giant simulacrum (Crypt:2)
  An ettin zombie (Crypt:2)
  9 hippogriffs
  A snapping turtle (Vaults:1)
  2 air elementals (Elf:2)
  A fire dragon skeleton (Crypt:2)
  9 water elementals
  55 yaks
  A yak (shapeshifter) (Elf:2)
  4 shadows
  3 fire elementals
  A basilisk (shapeshifter) (Depths:4)
  5 spriggans
  2 wyverns
  2 ushabtiu (Crypt:2)
  7 wraiths
  2 ynoxinuls
  3 basilisks
  A dire elephant simulacrum (Crypt:2)
  5 swamp worm simulacra (Swamp:3)
  14 vampire mosquitoes
  4 hungry ghosts
  6 chaos spawn
  A yaktaur simulacrum (Vaults:1)
  36 nagas
  A harpy simulacrum (Crypt:1)
  7 swamp worms
  3 wargs
  An acid dragon (D:11)
  13 crocodiles
  12 hydra simulacra (Swamp:3)
  4 porcupines
  6 water moccasins
  A hell hound (Depths:1)
  A deep troll skeleton (Vaults:2)
  A snapping turtle zombie (Crypt:1)
  An alligator simulacrum (Crypt:2)
  9 orc warriors
  3 ice beasts
  3 black bears
  A black bear (shapeshifter) (D:11)
  9 ogres
  4 swamp drakes
  An ice dragon simulacrum (Abyss:1)
  A necrophage (D:7)
  4 phantoms
  4 sky beasts
  13 centaurs
  6 wolves
  6 boggarts
  3 human skeletons
  A draconian zombie (Crypt:1)
  An elf zombie (Crypt:2)
  17 bullfrogs
  2 big kobolds
  A draconian skeleton (Crypt:2)
  A water moccasin zombie (Crypt:1)
  9 small abominations
  2 scorpions
  4 killer bees (D:10)
  A yak zombie (Crypt:2)
  A shapeshifter zombie (Crypt:1)
  3 wights (Abyss:1)
  2 howler monkeys
  5 orc priests
  5 crimson imps
  5 lava snakes (Lair:5)
  2 bullfrog zombies (D:6)
  A human simulacrum (Vaults:1)
  6 starcursed masses (Abyss:1)
  A quasit (D:12)
  4 jellies
  4 bullfrog skeletons
  6 centaur skeletons
  3 hounds
  4 iguanas
  An iron imp (Abyss:1)
  26 orc wizards
  6 worker ants
  An acid dragon zombie (Crypt:1)
  A naga zombie (Crypt:2)
  12 mummies (Crypt:2)
  7 gnolls
  A naga simulacrum (Crypt:1)
  9 adders
  A white imp (Abyss:1)
  3 swamp drake simulacra (Swamp:3)
  An adder zombie (D:5)
  An adder skeleton (D:6)
  2 worms
  A barachi skeleton (Crypt:1)
  A barachi zombie (Crypt:1)
  4 leopard geckos
  52 orcs
  7 bats
  A bat skeleton (Crypt:2)
  3 giant cockroaches
  3 hobgoblins
  5 jackals
  3 quokkas
  5 frilled lizards
  6 goblins
  20 kobolds
  6 rats
1572 creatures vanquished.

Vanquished Creatures (collateral kills)
  A juggernaut (Vaults:2)
  An orb of fire (Zot:5)
  3 ancient liches (Zot:5)
  A Killer Klown (Zot:5)
  2 rockslimes
  An Orb Demon (Zot:1)
  A Brimstone Fiend (Depths:5)
  An Orb Guardian (Zot:5)
  2 tentacled monstrosities
  A quicksilver dragon (Depths:5)
  2 ancient champions
  2 death cobs (Zot:4)
  2 sphinxes (Depths:2)
  3 fire giants
  2 draconian monks
  A balrug (Depths:2)
  A ghost moth (Zot:4)
  An iron dragon (Depths:3)
  3 vault wardens (Vaults:2)
  2 ironheart preservers (Vaults:2)
  2 draconian shifters (Zot:2)
  2 stone giants
  A very ugly thing (Depths:3)
  A draconian scorcher (Zot:5)
  A red draconian (Zot:2)
  3 dire elephants (Vaults:1)
  2 white draconians (Zot:2)
  2 fire dragons
  4 ettins
  A yaktaur captain (Vaults:1)
  4 vault guards (Vaults:2)
  A rakshasa (Vaults:1)
  An ice dragon (Swamp:3)
  A shadow wraith (Vaults:2)
  A spriggan air mage (Depths:3)
  A death knight (Crypt:2)
  A dancing weapon (Elf:2)
  7 centaur warriors
  5 two-headed ogres
  A tengu warrior (Depths:2)
  An ogre mage (Depths:1)
  2 deep troll shamans
  A deep troll earth mage (Depths:4)
  An ironheart beastmaster (Vaults:1)
  A thrashing horror (Zig:4)
  4 deep trolls
  A spriggan (Depths:5)
  2 sun demons (Depths:2)
  2 salamander mystics
  An unseen horror (D:12)
  A spriggan druid (Swamp:2)
  11 ugly things
  A flayed ghost (Depths:1)
  2 ironheart convokers (Vaults:1)
  A tengu zombie (Vaults:1)
  A necromancer (Vaults:1)
  A phantasmal warrior (Vaults:1)
  A wizard (Vaults:2)
  2 moths of wrath
  A human zombie (Vaults:1)
  2 salamanders (Snake:2)
  An ice statue (Zig:4)
  A vault sentinel (Vaults:2)
  7 yaktaurs
  2 freezing wraiths (Vaults:1)
  A red devil (Depths:1)
  2 hornets
  A wraith (Vaults:1)
  2 hydra simulacra (Swamp:3)
  A swamp worm (Swamp:2)
  A large abomination (Zig:4)
  4 boggarts (Vaults:2)
  A small abomination (Zig:4)
  A plant (Lair:1)
140 creatures vanquished.

Vanquished Creatures (others)
  6 azure jellies
  Boris (Depths:5)
  8 acid blobs
  Nikola (Vaults:2)
  2 tentacled monstrosities
  A death cob (Zot:3)
  An eldritch tentacle (Depths:2)
  A fire giant (Depths:2)
  3 draconian shifters
  A draconian annihilator (Zot:2)
  An eye of devastation (Zot:5)
  A very ugly thing (Depths:5)
  A red draconian (Zot:1)
  A yaktaur captain (D:11)
  A hydra (Swamp:2)
  A centaur warrior (D:11)
  A great orb of eyes (Depths:4)
  An ogre mage (Vaults:1)
  An alligator (Swamp:3)
  3 two-headed ogres
  4 glowing orange brains
  A salamander mystic (Snake:3)
  A skeletal warrior (Crypt:1)
  A swamp dragon (Swamp:3)
  An unseen horror (D:11)
  A cyclops (Vaults:2)
  A deep elf mage (Vaults:2)
  An ugly thing (D:11)
  2 moths of wrath (Zot:3)
  2 centaur zombies (D:11)
  A smoke demon (Abyss:1)
  4 eyes of draining
  25 slime creatures
  An efreet (Abyss:1)
  3 yaktaurs
  A hellwing (Abyss:1)
  A tengu conjurer (D:11)
  An eye of draining (shapeshifter) (Depths:3)
  A troll (shapeshifter) (Abyss:1)
  A bog body (Swamp:2)
  A blink frog (shapeshifter) (Elf:2)
  A hippogriff (Lair:6)
  A centaur simulacrum (D:11)
  A shadow (D:11)
  A vampire (D:11)
  A tarantella (shapeshifter) (Vaults:2)
  A steam dragon (shapeshifter) (Depths:2)
  3 yaks
  A wyvern (D:11)
  2 golden eyes (Abyss:1)
  A golden eye (shapeshifter) (Vaults:2)
  2 swamp worms (Swamp:2)
  An acid dragon (D:7)
  3 orc warriors (Vaults:2)
  3 ogres
  A small abomination (Abyss:1)
  2 centaurs (D:11)
  A bullfrog (D:11)
  105 jellies
  A scorpion (D:11)
  An orc wizard (Orc)
  A worker ant (D:11)
  A shadow imp (D:11)
  5 orcs (Vaults:2)
  A hobgoblin (D:2)
  A bush (Lair:5)
  13 fungi
  35 plants
282 creatures vanquished.

Grand Total: 1994 creatures vanquished

Notes
Turn   | Place    | Note
-------+----------+-------------------------------------------
     0 | D:1      | zoran the Human Fighter began the quest for the Orb.
     0 | D:1      | Reached XP level 1. HP: 18/18 MP: 1/1
   133 | D:1      | Reached XP level 2. HP: 24/24 MP: 2/2
   584 | D:1      | Reached XP level 3. HP: 29/29 MP: 3/3
   847 | D:1      | Found a blossoming altar of Fedhas.
  1168 | D:2      | Reached skill level 1 in Stealth
  1183 | D:2      | Found a basalt altar of Yredelemnul.
  1185 | D:2      | Noticed a profane servitor
  1495 | D:2      | Found a glowing golden altar of the Shining One.
  1498 | D:2      | Noticed an angel
  1708 | D:3      | Reached XP level 4. HP: 29/35 MP: 4/4
  1766 | D:3      | Found an iron altar of Okawaru.
  2454 | D:4      | Reached skill level 4 in Shields
  2454 | D:4      | Reached XP level 5. HP: 41/42 MP: 5/5
  2475 | D:4      | Noticed a phantom
  2513 | D:4      | Killed a phantom
  2514 | D:4      | Reached XP level 6. HP: 23/48 MP: 6/6
  2719 | D:4      | Found a staircase to the Ecumenical Temple.
  3772 | D:5      | Entered Level 5 of the Dungeon
  3779 | D:5      | Reached XP level 7. HP: 55/55 MP: 7/7
  3961 | D:5      | Reached skill level 5 in Armour
  3961 | D:5      | Reached skill level 5 in Shields
  4077 | D:5      | Found Juepir's Assorted Antiques.
  4092 | D:5      | Reached skill level 5 in Fighting
  4181 | D:5      | Reached skill level 5 in Long Blades
  4402 | D:5      | Bought a scroll labeled HUPNOANIUPLUF for 25 gold pieces
  4402 | D:5      | Bought a scroll labeled RUOTIMNEQU for 25 gold pieces
  4402 | D:5      | Bought a scroll labeled BINABL JIDGH for 25 gold pieces
  4451 | D:5      | Reached XP level 8. HP: 47/62 MP: 8/8
  4816 | D:6      | Reached skill level 6 in Shields
  5519 | D:6      | Noticed Pikel
  5541 | D:6      | Killed Pikel
  5542 | D:6      | Reached skill level 7 in Shields
  5542 | D:6      | Reached XP level 9. HP: 58/69 MP: 9/9
  5580 | D:6      | Found a transporter.
  5581 | D:6      | Noticed yrara's ghost (novice DsFi)
  5595 | D:6      | Found a transporter.
  5891 | D:6      | Reached skill level 8 in Shields
  6375 | D:7      | Got an iridescent hunting sling
  6806 | D:7      | Reached XP level 10. HP: 77/77 MP: 10/10
  6874 | D:7      | Reached skill level 9 in Shields
  6897 | D:7      | Identified the +8 hunting sling of Freehold {venom, rElec
                  | rF+ Stlth+} (You found it on level 7 of the Dungeon)
  7437 | D:8      | Reached skill level 1 in Slings
  7507 | D:8      | Noticed Erica
  7650 | D:8      | Noticed Joseph
  8097 | D:8      | Killed Erica
  8098 | D:8      | Reached skill level 10 in Shields
  8315 | D:7      | Killed Joseph
  8679 | D:9      | Found a staircase to the Lair.
  8702 | D:8      | Reached XP level 11. HP: 44/85 MP: 11/11
  9019 | D:9      | Reached skill level 5 in Slings
  9116 | D:9      | Noticed a centaur warrior
  9130 | D:9      | Killed a centaur warrior
  9179 | D:9      | Found a staircase to the Orcish Mines.
  9369 | D:9      | Noticed a two-headed ogre
  9375 | D:9      | Killed a two-headed ogre
  9916 | Lair:1   | Entered Level 1 of the Lair of Beasts
 10061 | Lair:1   | Reached XP level 12. HP: 73/94 MP: 12/12
 10368 | Lair:1   | Noticed Fannar
 10389 | Lair:1   | Killed Fannar
 10426 | Lair:1   | Got a bone rapier
 10934 | Lair:1   | Reached skill level 10 in Armour
 11350 | Lair:2   | Noticed a five-headed hydra
 11357 | Lair:2   | Killed a one-headed hydra
 11504 | Lair:2   | Got an ancient emerald amulet
 11528 | Lair:2   | Reached skill level 10 in Long Blades
 11971 | Lair:2   | Got a smoking silver ring
 12452 | Lair:3   | Found a staircase to the Snake Pit.
 12748 | Lair:3   | Noticed a seven-headed hydra
 12762 | Lair:3   | Killed a two-headed hydra
 13183 | Lair:3   | Reached skill level 10 in Slings
 13273 | Lair:3   | Noticed a four-headed hydra
 13274 | Lair:3   | Found a staircase to the Swamp.
 13455 | Lair:3   | Killed a one-headed hydra
 13634 | Lair:3   | Identified the cursed ring "Baoray" {+Inv AC+4 Str+5 Int-5}
                  | (You found it on level 2 of the Lair of Beasts)
 13635 | Lair:3   | Identified the +11 rapier "Raugorph" {freeze, +Fly} (You
                  | found it on level 1 of the Lair of Beasts)
 13652 | Lair:3   | Identified the amulet of Ulya {RegenMP Int+4} (You found it
                  | on level 2 of the Lair of Beasts)
 13734 | Lair:4   | Noticed a six-headed hydra
 13750 | Lair:3   | Killed a one-headed hydra
 13751 | Lair:3   | Reached skill level 10 in Fighting
 13932 | Lair:4   | Reached XP level 13. HP: 89/103 MP: 11/13
 14331 | Lair:4   | Got a transparent falchion
 14350 | Lair:4   | Identified the cursed +1 falchion of Haeth {slice, +Inv MR+
                  | Int-3} (You found it on level 4 of the Lair of Beasts)
 16456 | Lair:6   | Entered Level 6 of the Lair of Beasts
 16496 | Lair:6   | Noticed Josephine
 16729 | Lair:6   | Killed Josephine
 17280 | Lair:6   | Noticed a seven-headed hydra
 17291 | Lair:6   | Killed a four-headed hydra
 17709 | Lair:6   | Found a staircase to the Slime Pits.
 17709 | Lair:6   | Found a viscous altar of Jiyva.
 17863 | Lair:6   | Became a worshipper of Jiyva Juilikoi the Shapeless
 18060 | Lair:6   | Noticed a catoblepas
 18077 | Lair:6   | Killed a catoblepas
 18199 | Lair:6   | Noticed a catoblepas
 18207 | Lair:6   | Killed a catoblepas
 18208 | Lair:6   | Reached XP level 14. HP: 110/110 MP: 14/14
 18245 | Lair:6   | Got a smoking tin amulet
 18273 | Lair:6   | Reached skill level 1 in Evocations
 18617 | Lair:6   | Reached skill level 1 in Invocations
 19423 | D:9      | Identified a scroll of acquirement
 19441 | D:10     | Entered Level 10 of the Dungeon
 19501 | D:10     | Found a transporter.
 19501 | D:10     | Noticed yrara's ghost (journeyman DsFi)
 19672 | D:10     | Reached ** piety under Jiyva
 19751 | D:10     | Gained mutation: Your spells are a little harder to cast,
                  | but a little more powerful. [Jiyva's grace]
 19875 | D:10     | Reached skill level 5 in Evocations
 19900 | D:10     | Noticed Nergalle
 19905 | D:10     | Killed Nergalle
 20257 | D:10     | Found Kanuysch's Jewellery Boutique.
 20423 | D:10     | Found a transporter.
 20966 | D:11     | Reached *** piety under Jiyva
 21192 | D:11     | Reached XP level 15. HP: 109/117 MP: 18/20
 21379 | D:11     | Reached skill level 11 in Shields
 21379 | D:11     | Reached skill level 5 in Invocations
 21641 | Orc      | Entered the Orcish Mines
 21642 | Orc      | Identified the amulet "Cynoipif" {RegenMP rN++ Dex-3} (You
                  | found it on level 6 of the Lair of Beasts)
 21758 | Orc      | Found a staircase to the Elven Halls.
 21797 | Orc      | Found Meum's Food Shop.
 21906 | Orc      | Lost mutation: Your spells are a little harder to cast, but
                  | a little more powerful. [Jiyva's grace]
 22305 | Orc      | Found Iwoss's Antique Weapon Emporium.
 22329 | Orc      | Found Sita's Gadget Shoppe.
 22375 | Orc      | Reached **** piety under Jiyva
 22386 | Orc      | Noticed Erolcha
 22397 | Orc      | Killed Erolcha
 22513 | Orc      | Found a radiant altar of Vehumet.
 22602 | Orc      | Noticed Saint Roka
 22841 | Orc      | Killed Saint Roka
 23248 | Orc      | Found an ancient bone altar of Kikubaaqudgha.
 23283 | Orc      | Found a roughly hewn altar of Beogh.
 23286 | Orc      | Found Kurum's Magic Scroll Shoppe.
 23351 | Orc      | Found Quefis's Antique Weapon Shoppe.
 23354 | Orc      | Bought a scroll of teleportation for 45 gold pieces
 23354 | Orc      | Bought a scroll of identify for 30 gold pieces
 24584 | D:11     | Found a gate to the Vaults.
 24851 | D:12     | Entered Level 12 of the Dungeon
 24905 | D:11     | Gained mutation: You expend magic power (3 MP) to
                  | strengthen your wands. [Jiyva's grace]
 25467 | D:12     | Paralysed by an orc sorcerer for 4 turns
 25583 | D:12     | Reached skill level 10 in Evocations
 25691 | D:12     | Reached skill level 15 in Long Blades
 25701 | D:12     | Reached XP level 16. HP: 72/126 MP: 23/23
 26186 | D:12     | Reached skill level 12 in Shields
 26398 | D:12     | Reached ***** piety under Jiyva
 26478 | D:12     | Found a staircase to the Depths.
 26484 | D:12     | Gained mutation: You have a beak for a mouth. [Jiyva's
                  | grace]
 26562 | D:12     | Found a hide-covered altar of Uskayaw.
 26968 | Swamp:1  | Entered Level 1 of the Swamp
 27557 | Swamp:1  | Lost mutation: You expend magic power (3 MP) to strengthen
                  | your wands. [potion of mutation]
 27557 | Swamp:1  | Gained mutation: Your spells are a little easier to cast,
                  | but a little less powerful. [potion of mutation]
 27557 | Swamp:1  | Gained mutation: You are dopey. (Int -2) [potion of
                  | mutation]
 27557 | Swamp:1  | Gained mutation: You have sharp toenails. [potion of
                  | mutation]
 27558 | Swamp:1  | Lost mutation: Your spells are a little easier to cast, but
                  | a little less powerful. [potion of mutation]
 27558 | Swamp:1  | Lost mutation: You are dopey. (Int -2) [potion of mutation]
 27558 | Swamp:1  | Lost mutation: You have a beak for a mouth. [potion of
                  | mutation]
 27558 | Swamp:1  | Lost mutation: You have sharp toenails. [potion of
                  | mutation]
 27558 | Swamp:1  | Gained mutation: You have sharp fingernails. [potion of
                  | mutation]
 27558 | Swamp:1  | Gained mutation: You have an increased reservoir of magic.
                  | (+10% MP) [potion of mutation]
 27558 | Swamp:1  | Gained mutation: You possess an exceptional clarity of
                  | mind. [potion of mutation]
 27558 | Swamp:1  | Gained mutation: Your flesh is cold resistant. (rC+)
                  | [potion of mutation]
 28506 | Swamp:2  | Gained mutation: You have sharp toenails. [Jiyva's grace]
 28962 | Swamp:2  | Identified the +9 hunting sling "Orb Guardian's Curse"
                  | {freeze, MR+ Dex-5 SInv Stlth+}
 29384 | Swamp:2  | Noticed Frances
 29425 | Swamp:2  | Killed Frances
 30387 | Swamp:3  | Entered Level 3 of the Swamp
 30428 | Swamp:2  | Reached skill level 13 in Shields
 30428 | Swamp:2  | Reached XP level 17. HP: 70/135 MP: 26/26
 30799 | Swamp:3  | Gained mutation: Your spells are a little harder to cast,
                  | but a little more powerful. [Jiyva's grace]
 31203 | Swamp:3  | Got a decaying rune of Zot
 31492 | Snake:1  | Entered Level 1 of the Snake Pit
 32011 | Snake:1  | Noticed Jorgrun
 32209 | Snake:1  | Killed Jorgrun
 32252 | Lair:3   | Lost mutation: You have sharp toenails. [Jiyva's grace]
 33044 | Snake:1  | Reached skill level 14 in Shields
 33894 | Snake:2  | Identified the +11 scimitar "Koclar" {venom, +Blink}
 33909 | Snake:2  | Noticed Vashnia
 33962 | Snake:2  | Killed Vashnia
 33963 | Snake:2  | Reached XP level 18. HP: 55/145 MP: 28/28
 34175 | Snake:2  | Gained mutation: You have a pair of small horns on your
                  | head. [Jiyva's grace]
 34292 | Snake:2  | Found a runed translucent gate.
 34340 | Snake:2  | Found a runed translucent gate.
 34340 | Snake:2  | Found a runed translucent gate.
 34371 | Snake:2  | Noticed pheathergobbo575's ghost (adept GrFi)
 34396 | Snake:2  | Reached ****** piety under Jiyva
 34821 | Snake:2  | Gained mutation: Your muscles are strong. (Str +2) [Jiyva's
                  | grace]
 35397 | Snake:3  | Entered Level 3 of the Snake Pit
 35422 | Snake:2  | Reached skill level 15 in Armour
 35461 | Snake:3  | Reached skill level 15 in Shields
 35816 | Snake:3  | Reached skill level 15 in Fighting
 36626 | Snake:3  | Found Tuzaka's Distillery.
 36660 | Snake:3  | Bought a potion of might for 64 gold pieces
 36660 | Snake:3  | Bought a potion of haste for 160 gold pieces
 36660 | Snake:3  | Bought a potion of resistance for 160 gold pieces
 36660 | Snake:3  | Bought a potion of lignification for 48 gold pieces
 36660 | Snake:3  | Bought a potion of curing for 40 gold pieces
 36660 | Snake:3  | Bought 2 potions of flight for 128 gold pieces
 36660 | Snake:3  | Bought a potion of curing for 40 gold pieces
 36734 | Snake:3  | Lost mutation: Your muscles are strong. (Str +2) [Jiyva's
                  | grace]
 36919 | Snake:3  | Found Qaimue's Book Shoppe.
 36959 | Snake:3  | Found Dutuifri's General Store.
 36967 | Snake:3  | Bought a scroll of vulnerability for 105 gold pieces
 36967 | Snake:3  | Bought a scroll of teleportation for 42 gold pieces
 36967 | Snake:3  | Bought a scroll of enchant weapon for 105 gold pieces
 36967 | Snake:3  | Bought a scroll of teleportation for 42 gold pieces
 37342 | Snake:3  | Reached XP level 19. HP: 154/157 MP: 29/29
 37967 | Snake:3  | Gained mutation: You have acidic saliva. [Jiyva's grace]
 38739 | Snake:3  | Got a serpentine rune of Zot
 39195 | Vaults:1 | Entered Level 1 of the Vaults
 39653 | Vaults:1 | Gained mutation: You are robust. (+10% HP) [Jiyva's grace]
 40058 | Vaults:1 | Found a staircase to the Crypt.
 40247 | Vaults:1 | Found Natuham's Antique Weapon Boutique.
 40599 | Vaults:2 | Reached XP level 20. HP: 187/187 MP: 30/30
 40616 | Vaults:2 | Killed Nikola
 40641 | Vaults:2 | Reached skill level 16 in Shields
 40959 | Vaults:2 | Lost mutation: You possess an exceptional clarity of mind.
                  | [Jiyva's grace]
 41120 | Vaults:2 | Lost mutation: You have an increased reservoir of magic.
                  | (+10% MP) [Jiyva's grace]
 41183 | Vaults:2 | Reached skill level 17 in Shields
 41462 | Vaults:2 | Noticed a juggernaut
 41463 | Vaults:2 | Reached XP level 21. HP: 194/194 MP: 28/28
 41474 | Vaults:2 | Killed a juggernaut
 41474 | Vaults:2 | Was placed under penance by Jiyva
 41668 | Vaults:2 | Found Qoty Wogadyo's Armour Shoppe.
 41730 | Vaults:2 | Lost mutation: You have acidic saliva. [the vengeance of
                  | Jiyva]
 41793 | Vaults:2 | Was forgiven by Jiyva
 41794 | Vaults:2 | Reached skill level 18 in Shields
 41796 | Vaults:2 | Reached skill level 1 in Throwing
 41826 | Vaults:2 | Gained mutation: You are surrounded by a mild repulsion
                  | field. (EV +2) [Jiyva's grace]
 42214 | Vaults:2 | Reached skill level 5 in Throwing
 42713 | Crypt:1  | Entered Level 1 of the Crypt
 42713 | Crypt:1  | Noticed Mennas
 42859 | Depths:1 | Entered Level 1 of the Depths
 42996 | Depths:1 | Cast into level 1 of the Abyss (a wizard)
 43305 | Abyss:1  | Gained mutation: You are very robust. (+20% HP) [Jiyva's
                  | grace]
 43401 | Abyss:1  | Paralysed by accursed screaming for 1 turns
 43806 | Abyss:1  | Noticed a bone dragon
 43832 | Abyss:1  | Killed a bone dragon
 43832 | Abyss:1  | Gained mutation: You are resistant to electric shocks.
                  | (rElec) [Jiyva's grace]
 43848 | Depths:1 | Escaped the Abyss
 43954 | Depths:1 | Found a sparkling altar of Nemelex Xobeh.
 44157 | Depths:1 | Reached skill level 10 in Throwing
 44210 | Depths:1 | Reached XP level 22. HP: 214/220 MP: 29/29
 44329 | Depths:1 | Found a gateway to Hell.
 44871 | Slime:1  | Entered Level 1 of the Pits of Slime
 44909 | Slime:5  | Entered Level 5 of the Pits of Slime
 44927 | Slime:5  | Found a viscous altar of Jiyva.
 44930 | Slime:5  | Noticed the Royal Jelly
 44938 | Slime:5  | Got a slimy rune of Zot
 44945 | Slime:5  | Identified the +10 spear "Qapaif" {venom, rElec Str-3 Int+9
                  | Dex-3}
 44954 | Slime:5  | Identified the ring "Osohut" {*Corrode MP+9 Str+4}
 44963 | Slime:5  | Identified the cursed +0 scale mail of the Eternal Fruit
                  | {-Cast rC+++ Dex-2 SInv}
 44966 | Slime:5  | Identified the +1 barding of a bailey {Stlth+}
 45658 | Depths:2 | Gained mutation: You have a small jelly attached to you
                  | that may absorb incoming projectiles. [Jiyva's grace]
 45661 | Depths:2 | Noticed a Killer Klown
 45698 | Depths:1 | Killed a Killer Klown
 46341 | Depths:2 | Noticed a rockslime
 46359 | Depths:2 | Killed a rockslime
 46690 | Depths:2 | Noticed a juggernaut
 46878 | Crypt:1  | Killed Mennas
 47088 | Crypt:1  | Gained mutation: You are covered in slimy tendrils that may
                  | disarm your opponents. [Jiyva's grace]
 47117 | Crypt:1  | Reached skill level 5 in Stealth
 48118 | Crypt:2  | Entered Level 2 of the Crypt
 48277 | Crypt:2  | Gained mutation: Your body has grown golden eyes which may
                  | confuse attackers. (Acc +3) [Jiyva's grace]
 48532 | Crypt:2  | Found a basalt altar of Yredelemnul.
 48534 | Crypt:2  | Noticed a profane servitor
 48566 | Crypt:2  | Killed a profane servitor
 48567 | Crypt:2  | Reached XP level 23. HP: 202/228 MP: 32/32
 49053 | Crypt:2  | Found a staircase to the Tomb.
 49601 | Crypt:2  | Lost mutation: You are very robust. (+20% HP) [Jiyva's
                  | grace]
 50241 | Elf:1    | Entered Level 1 of the Elven Halls
 50770 | Elf:1    | Identified the Incunabulum of the Entourage
 51299 | Elf:2    | Gained mutation: Your mind is acute. (Int +2) [Jiyva's
                  | grace]
 51498 | Elf:2    | Found a runed gate.
 51498 | Elf:2    | Found a runed gate.
 51498 | Elf:2    | Found a runed gate.
 51498 | Elf:2    | Identified the +5 war axe "Xogaijyot" {pain, rElec MP+9}
 51516 | Elf:2    | Identified the cursed +1 mace "Concordance" {crush, *Slow
                  | rElec rC+ SInv}
 51701 | Elf:2    | Reached skill level 15 in Evocations
 51938 | Elf:2    | Noticed Aizul
 51954 | Elf:2    | Killed Aizul
 52048 | Elf:2    | Gained mutation: You have a small jelly attached to you
                  | that senses nearby items. [Jiyva's grace]
 52210 | Elf:2    | Noticed Zenata
 53558 | Crypt:2  | Identified the +5 battleaxe of Itsummo {flame, MR- Int+6}
 53593 | Crypt:2  | Noticed a curse toe
 53618 | Crypt:2  | Killed a curse toe
 53821 | Crypt:2  | Found an ancient bone altar of Kikubaaqudgha.
 53826 | Crypt:2  | Identified the +1 cloak of Muesiaji {rN+ Str+2}
 53829 | Crypt:2  | Found a basalt altar of Yredelemnul.
 53864 | Crypt:2  | Identified the +11 chain mail of Divine Intervention
                  | {Str+3}
 53868 | Crypt:2  | Identified the +0 morningstar of Disarray {holy, *Drain
                  | +Inv rPois MR++}
 53897 | Crypt:2  | Identified the Incunabulum of Unholy Rites
 54295 | Depths:1 | Killed a juggernaut
 54296 | Depths:1 | Reached XP level 24. HP: 221/221 MP: 34/34
 54449 | Depths:2 | Noticed a Killer Klown
 54450 | Depths:2 | Noticed a golden dragon
 54473 | Depths:2 | Killed a golden dragon
 54499 | Depths:2 | Noticed a golden dragon
 54564 | Depths:1 | Killed a golden dragon
 54635 | Depths:2 | Killed a Killer Klown
 54783 | Depths:2 | Noticed a juggernaut
 54810 | Depths:2 | Killed a juggernaut
 55375 | Depths:2 | Paralysed by a sphinx for 4 turns
 55439 | Depths:2 | Found the +7 sceptre of Torment {pain, torment}
 55441 | Depths:2 | Lost mutation: Your mind is acute. (Int +2) [Jiyva's grace]
 55945 | Depths:3 | Found a one-way gate to the infinite horrors of the Abyss.
 56121 | Depths:3 | Reached skill level 19 in Shields
 56519 | Depths:3 | Found a one-way gate leading to the halls of Pandemonium.
 56599 | Depths:3 | Found a snail-covered altar of Cheibriados.
 56677 | Depths:3 | Reached XP level 25. HP: 186/231 MP: 32/34
 56682 | Depths:3 | Gained mutation: Your translucent skin slightly reduces
                  | your foes' accuracy. (Stealth) [Jiyva's grace]
 57432 | Depths:4 | Noticed a juggernaut
 57458 | Depths:3 | Killed a juggernaut
 58015 | Depths:4 | Found Zekeat's Food Emporium.
 58220 | Depths:4 | Reached skill level 20 in Shields
 58349 | Depths:4 | Noticed a juggernaut
 58371 | Depths:4 | Killed a juggernaut
 58386 | Depths:4 | Gained mutation: You are resistant to hostile enchantments.
                  | (MR+) [Jiyva's grace]
 58450 | Depths:4 | Identified the +1 chain mail of Salvation {SInv}
 58567 | Depths:5 | Entered Level 5 of the Depths
 58567 | Depths:5 | Noticed a juggernaut
 58588 | Depths:4 | Killed a juggernaut
 58710 | Depths:5 | Noticed a juggernaut
 58725 | Depths:5 | Killed a juggernaut
 58735 | Depths:5 | Reached skill level 21 in Shields
 58766 | Depths:5 | Noticed a Killer Klown
 58778 | Depths:5 | Slimified a Killer Klown
 58778 | Depths:5 | a Killer Klown changed into an azure jelly
 58925 | Depths:5 | Noticed Boris
 58925 | Depths:5 | Noticed a golden dragon
 58930 | Depths:5 | Reached XP level 26. HP: 237/239 MP: 34/34
 58964 | Depths:5 | Killed Boris
 58971 | Depths:5 | Killed a golden dragon
 58972 | Depths:5 | Reached skill level 22 in Shields
 59204 | Depths:5 | Noticed Jory
 59232 | Depths:5 | Killed Jory
 59513 | Depths:5 | Found a gateway to a ziggurat.
 59698 | Depths:5 | Lost mutation: You are resistant to hostile enchantments.
                  | (MR+) [Jiyva's grace]
 60307 | Depths:5 | Found a gate to the Realm of Zot.
 60329 | Depths:5 | Reached skill level 23 in Shields
 60523 | D:10     | Bought an uncursed ring of protection from fire for 400
                  | gold pieces
 60676 | Orc      | Bought a scroll of enchant armour for 112 gold pieces
 60676 | Orc      | Bought a scroll of immolation for 52 gold pieces
 60676 | Orc      | Bought a scroll of immolation for 52 gold pieces
 60971 | Snake:2  | Killed pheathergobbo575's ghost
 61023 | Snake:2  | Identified the Collected Works on Conjuration
 61281 | Orc      | Bought a wand of clouds (6) for 336 gold pieces
 61281 | Orc      | Bought a sack of spiders for 480 gold pieces
 61281 | Orc      | Bought a box of beasts for 320 gold pieces
 61295 | Orc      | Bought a phial of floods for 640 gold pieces
 61299 | Orc      | Bought a wand of disintegration (16) for 169 gold pieces
 61618 | Zig:1    | Entered Level 1 of a ziggurat
 61635 | Zig:2    | Entered Level 2 of a ziggurat
 61720 | Zig:3    | Entered Level 3 of a ziggurat
 61734 | Zig:3    | Gained mutation: Your translucent skin reduces your foes'
                  | accuracy. (Stealth) [Jiyva's grace]
 61759 | Zig:4    | Entered Level 4 of a ziggurat
 61786 | Zig:4    | Paralysed by accursed screaming for 1 turns
 61821 | Zig:4    | Identified the ring of Uquto {*Tele Dex+2 Slay+2}
 61987 | Zot:1    | Entered Level 1 of the Realm of Zot
 62362 | Zot:1    | Reached skill level 24 in Shields
 62718 | Orc      | Bought a wand of polymorph (14) for 96 gold pieces
 62718 | Orc      | Bought a wand of polymorph (6) for 44 gold pieces
 62718 | Orc      | Bought a phantom mirror for 320 gold pieces
 62718 | Orc      | Bought a wand of digging (6) for 224 gold pieces
 62781 | Orc      | Bought a ration for 55 gold pieces
 62781 | Orc      | Bought a ration for 55 gold pieces
 62781 | Orc      | Bought a ration for 55 gold pieces
 62781 | Orc      | Bought a ration for 55 gold pieces
 62781 | Orc      | Bought a ration for 55 gold pieces
 62781 | Orc      | Bought a ration for 55 gold pieces
 62781 | Orc      | Bought a ration for 55 gold pieces
 63330 | Zot:1    | Reached XP level 27. HP: 213/246 MP: 34/34
 63549 | Zot:1    | Noticed a golden dragon
 63595 | Zot:1    | Killed a golden dragon
 63885 | Zot:1    | Noticed a golden dragon
 63908 | Zot:1    | Killed a golden dragon
 64437 | Zot:2    | Gained mutation: Your system is resistant to poisons.
                  | (rPois) [Jiyva's grace]
 64513 | Zot:2    | Noticed a golden dragon
 64534 | Zot:2    | Killed a golden dragon
 64535 | Zot:2    | Reached skill level 25 in Shields
 64944 | Zot:2    | Noticed a golden dragon
 64959 | Zot:2    | Killed a golden dragon
 65129 | Zot:2    | Noticed a golden dragon
 65143 | Zot:2    | Killed a golden dragon
 65780 | Zot:3    | Reached skill level 1 in Dodging
 66077 | Zot:3    | Reached skill level 5 in Dodging
 66265 | Zot:3    | Lost mutation: Your spells are a little harder to cast, but
                  | a little more powerful. [Jiyva's grace]
 67396 | Zot:4    | Reached skill level 10 in Dodging
 67816 | Zot:4    | Found Pogume's Changing Room.
 67905 | Zot:4    | Bought a potion of mutation for 184 gold pieces
 67905 | Zot:4    | Bought a wand of polymorph (14) for 138 gold pieces
 67905 | Zot:4    | Bought a wand of polymorph (12) for 119 gold pieces
 67922 | Zot:4    | Noticed a golden dragon
 67953 | Zot:4    | Lost mutation: Your body has grown golden eyes which may
                  | confuse attackers. (Acc +3) [Jiyva's grace]
 67965 | Zot:4    | Killed a golden dragon
 68191 | Zot:4    | Noticed a golden dragon
 68205 | Zot:4    | Killed a golden dragon
 68511 | Zot:5    | Entered Level 5 of the Realm of Zot
 68690 | Zot:5    | Noticed a Killer Klown
 68700 | Zot:5    | Killed a Killer Klown
 69090 | Zot:5    | Noticed a golden dragon
 69099 | Zot:5    | Killed a golden dragon
 69293 | Zot:5    | Noticed an orb of fire
 69295 | Zot:5    | Gained mutation: You are occasionally teleported next to
                  | monsters. [an orb of fire]
 69299 | Zot:5    | Noticed an orb of fire
 69318 | Zot:5    | Gained mutation: Your spells are a little easier to cast,
                  | but a little less powerful. [an orb of fire]
 69327 | Zot:5    | Killed an orb of fire
 69517 | Zot:4    | Lost mutation: You are occasionally teleported next to
                  | monsters. [Jiyva's power]
 69531 | Zot:5    | Lost mutation: You are robust. (+10% HP) [an orb of fire]
 69547 | Zot:5    | Killed an orb of fire
 69754 | Zot:5    | Noticed a golden dragon
 69773 | Zot:5    | Killed a golden dragon
 69780 | Zot:5    | Noticed an ancient lich
 69780 | Zot:5    | Noticed a Killer Klown
 69790 | Zot:5    | Killed a Killer Klown
 69797 | Zot:5    | Killed an ancient lich
 70034 | Zot:5    | Noticed an ancient lich
 70046 | Zot:5    | Killed an ancient lich
 70143 | Zot:5    | Noticed an ancient lich
 70161 | Zot:5    | Lost mutation: You are covered in slimy tendrils that may
                  | disarm your opponents. [Jiyva's grace]
 70177 | Zot:5    | Killed an ancient lich
 70306 | Zot:5    | Noticed an orb of fire
 70314 | Zot:5    | Gained mutation: You are clumsy. (Dex -2) [an orb of fire]
 70317 | Zot:5    | Noticed an orb of fire
 70327 | Zot:5    | Gained mutation: Scrolls take you a little longer to read.
                  | [an orb of fire]
 70329 | Zot:5    | Gained mutation: You expend magic power (3 MP) to
                  | strengthen your wands. [an orb of fire]
 70334 | Zot:5    | Gained mutation: You are weak. (Str -2) [an orb of fire]
 70335 | Zot:5    | Gained mutation: Your magical capacity is low. (-10% MP)
                  | [an orb of fire]
 70336 | Zot:5    | Gained mutation: You occasionally shout uncontrollably at
                  | your foes. [an orb of fire]
 70343 | Zot:5    | Killed an orb of fire
 70379 | Zot:5    | Lost mutation: You are weak. (Str -2) [Jiyva's power]
 70380 | Zot:5    | Lost mutation: You are clumsy. (Dex -2) [Jiyva's power]
 70815 | Zot:5    | Gained mutation: Potions are less effective at restoring
                  | your health. [an orb of fire]
 70822 | Zot:5    | Gained mutation: Your body sometimes deteriorates upon
                  | taking damage. [an orb of fire]
 70828 | Zot:5    | Gained mutation: You are clumsy. (Dex -2) [an orb of fire]
 70830 | Zot:5    | Gained mutation: You are frail. (-10% HP) [an orb of fire]
 70867 | Zot:5    | Killed an orb of fire
 70959 | Zot:5    | Noticed a Killer Klown
 70987 | Zot:5    | Killed a Killer Klown
 71014 | Zot:5    | Noticed a Killer Klown
 71032 | Zot:5    | Killed a Killer Klown
 71454 | Zot:5    | Noticed a Killer Klown
 71471 | Zot:5    | Killed a Killer Klown
 71472 | Zot:5    | Reached skill level 26 in Shields
 71499 | Zot:5    | Noticed an ancient lich
 71515 | Zot:5    | Killed an ancient lich
 71547 | Zot:5    | Noticed a Killer Klown
 71554 | Zot:5    | Killed a Killer Klown
 71554 | Zot:5    | Gained mutation: Your body has grown golden eyes which may
                  | confuse attackers. (Acc +3) [Jiyva's grace]
 71923 | Zot:5    | Got the Orb of Zot
 72170 | Depths:2 | Noticed Huhyel the pandemonium lord
 72399 | D:7      | Noticed Nuxuim the pandemonium lord
 72513 | D:$      | Escaped with the Orb!

Skill      XL: |  1  2  3  4  5  6  7  8  9 10 11 12 13 14 15 16 17 18 19 20 21 22 23 24 25 26 27 |
---------------+----------------------------------------------------------------------------------+-----
Stealth        | 1 2 5 |  5.0
Long Blades    | 3 4 5 6 7 8 9 10 14 15 16 20 | 20.0
Shields        | 4 5 7 8 10 11 13 14 15 17 18 19 21 24 26 | 26.9
Fighting       | 4 5 6 7 8 10 11 12 13 16 18 19 20 | 20.0
Armour         | 4 5 6 7 8 9 10 11 13 14 15 17 18 19 20 | 20.0
Slings         | 3 7 10 12 | 12.0
Evocations     | 6 10 12 15 20 | 20.0
Invocations    | 4 5 |  5.0
Throwing       | 10 13 14 | 14.4
Dodging        | 10 | 10.0

Action                   |  1- 3 |  4- 6 |  7- 9 | 10-12 | 13-15 | 16-18 | 19-21 | 22-24 | 25-27 || total
-------------------------+-------+-------+-------+-------+-------+-------+-------+-------+-------++-------
Melee: Long sword        |   142 |   147 |   475 |   150 |       |       |       |       |       ||   914
       Scimitar          |       |       |       |   442 |   385 |   142 |       |       |       ||   969
       Double sword      |       |       |       |       |   681 |  1295 |  1038 |  1484 |  1996 ||  6494
       Kick              |       |       |       |       |       |    85 |       |       |       ||    85
       Peck              |       |       |       |       |       |     7 |       |       |       ||     7
       Headbutt          |       |       |       |       |       |   109 |   246 |   410 |   605 ||  1370
       Bite              |       |       |       |       |       |       |    75 |       |       ||    75
       Demon blade       |       |       |       |       |       |       |       |       |    26 ||    26
 Fire: Hunting sling     |       |    20 |    14 |    60 |   134 |   150 |       |       |       ||   378
Throw: Javelin           |       |       |       |       |       |     9 |    41 |   159 |   150 ||   359
Invok: Slimify           |       |       |       |       |     1 |     1 |     8 |     7 |     6 ||    23
       Request Jelly     |       |       |       |       |       |     1 |     1 |     1 |     1 ||     4
       Cure Bad Mutation |       |       |       |       |       |       |       |       |     4 ||     4
 Abil: Evoke Fog         |       |       |       |       |       |       |       |     1 |     1 ||     2
Evoke: Wand              |       |       |       |    12 |    56 |   123 |     8 |    48 |    25 ||   272
       Fan of gales      |       |       |       |       |     2 |     3 |       |     1 |       ||     6
       Lamp of fire      |       |       |       |       |       |       |     4 |     5 |     9 ||    18
       Box of beasts     |       |       |       |       |       |       |       |       |     3 ||     3
       Sack of spiders   |       |       |       |       |       |       |       |       |     5 ||     5
       Lightning rod     |       |       |       |       |       |       |       |       |     4 ||     4
       Phial of floods   |       |       |       |       |       |       |       |       |     2 ||     2
       Phantom mirror    |       |       |       |       |       |       |       |       |     2 ||     2
  Use: Scroll            |       |     2 |     6 |    11 |    20 |    15 |     2 |    12 |    20 ||    88
       Potion            |       |       |     1 |    11 |     2 |    10 |    10 |    13 |    20 ||    67
 Stab: Distracted        |       |       |       |       |       |       |     8 |     2 |    12 ||    22
       Confused          |       |       |       |       |       |       |       |     2 |    17 ||    19
       Betrayed ally     |       |       |       |       |       |       |       |     1 |       ||     1
       Invisible         |       |       |       |       |       |       |       |       |     1 ||     1
  Eat: Chunk             |     7 |     5 |    17 |    33 |    51 |    25 |    14 |    22 |    36 ||   210
       Ration            |       |     2 |     2 |     4 |     6 |    14 |     8 |    14 |    17 ||    67
Armor: Chain mail        |    65 |    74 |   163 |       |       |       |       |   185 |   702 ||  1189
       Plate armour      |       |       |    51 |   314 |   533 |   660 |   349 |   496 |       ||  2403
       Skin              |       |       |       |    55 |       |    48 |    39 |    44 |       ||   186
       Gold dragon scale |       |       |       |       |       |       |       |       |   133 ||   133
Dodge: Dodged            |     6 |    23 |    71 |    77 |   158 |   169 |   112 |   305 |   356 ||  1277
Block: Medium shield     |    84 |    80 |   313 |   478 |   491 |  1204 |   625 |  1148 |   735 ||  5158
       Buckler           |       |       |       |       |   178 |       |       |       |       ||   178
       Large shield      |       |       |       |       |       |       |       |       |  1370 ||  1370
